 Dungeon Crawl Stone Soup version 0.22-a0-246-gdc04c06 (webtiles) character file.

238634 wolfsongas the Warrior (level 19, -28/157 HPs)
             Began as a Gnoll Wanderer on Feb 22, 2018.
             Was an Initiate of Gozag.
             Killed from afar by a deep elf death mage (39 damage)
             ... with a bolt of negative energy
             ... on level 3 of the Elven Halls on Feb 23, 2018.
             The game lasted 02:16:15 (56313 turns).

wolfsongas the Warrior (Gnoll Wanderer)            Turns: 56313, Time: 02:16:15

Health: -28/157    AC: 31    Str: 22      XL:     19   Next: 72%
Magic:  35/35      EV: 15    Int: 18      God:    Gozag
Gold:   2123       SH: 25    Dex: 16 (17) Spells: 41/43 levels left

rFire    + . .     SeeInvis +   b - +7 double sword (elec)
rCold    + + +     Gourm    .   I - +0 large shield
rNeg     . . .     Faith    .   y - +11 chain mail of Xybraohu {rC++ Int+3 Slay-3}
rPois    +         Spirit   .   L - +1 helmet {SInv}
rElec    .         Reflect  +   l - +0 cloak
rCorr    +         Harm     .   J - +0 pair of gloves of Resonance {-Cast rPois MR++ rCorr}
MR       +++++     NoCast   +   i - +2 pair of boots {run}
Stlth    ++........             K - brooch of Shielding {Reflect SH+8}
HPRegen  0.36/turn              T - ring of Wameu {Wiz rC++ MR+ Dex-3}
MPRegen  0.24/turn              s - ring of protection from fire

@: agile, hasted, studying Short Blades, very heavily drained, very quick
A: distributed training, fangs 1, deterioration 1, magic resistance 1, shaggy
fur 1, strong nose
}: 1/15 runes: serpentine
a: Potion Petition, Call Merchant, Bribe Branch, Renounce Religion


You were on level 3 of the Elven Halls.
You worshipped Gozag.
Gozag was most pleased with you.
You were hungry.

You visited 7 branches of the dungeon, and saw 32 of its levels.
You also visited: Labyrinth, Ossuary and Ice Cave.

You collected 13631 gold pieces.
You spent 4156 gold pieces at shops.
You paid 7352 gold pieces to Gozag.

Inventory:

Hand Weapons
 a - a +6 longbow of freezing
 b - a +7 double sword of electrocution (weapon)
 k - a +4 rapier of electrocution
Missiles
 f - 106 bolts
 j - 1039 arrows
Armour
 e - the +0 pair of gloves of Ylan {rC+ Int+6}
   (You acquired it on level 5 of the Lair of Beasts)

   It affects your intelligence (+6).
   It protects you from cold.
 i - a +2 pair of boots of running (worn)
 l - a +0 cloak (worn)
 y - the +11 chain mail of Xybraohu (worn) {rC++ Int+3 Slay-3}
   (You took it off a wight on level 8 of the Dungeon)

   It affects your intelligence (+3).
   It affects your accuracy and damage with ranged weapons and melee attacks
   (-3).
   It greatly protects you from cold.
 E - a +2 shield
 I - a +0 large shield (worn)
 J - the +0 pair of gloves of Resonance (worn) {-Cast rPois MR++ rCorr}
   (You acquired it on level 11 of the Dungeon)

   It protects you from poison.
   It affects your resistance to hostile enchantments.
   It prevents spellcasting.
   It protects you from acid and corrosion.
 L - a +1 helmet of see invisible (worn)
 R - a +2 pair of gloves of archery
 Y - the +1 robe of Vehumet's Supremacy {MR++ MP-9, unknown}
   (You took it off a deep elf elementalist on level 3 of the Elven Halls)

   It affects your resistance to hostile enchantments.
   It affects your magic capacity (-9).
Jewellery
 s - a ring of protection from fire (right hand)
 K - the brooch of Shielding (around neck) {Reflect SH+8}
   (You bought it in a shop on level 1 of the Snake Pit)

   [amulet of reflection]

   It shields you and reflects attacks.
   It affects your SH (+8).
 T - the ring of Wameu (left hand) {Wiz rC++ MR+ Dex-3}
   (You took it off a vampire on level 13 of the Dungeon)

   [ring of wizardry]

   It improves your spell success rate.
   It affects your dexterity (-3).
   It greatly protects you from cold.
   It affects your resistance to hostile enchantments.
 V - an uncursed ring of magical power
 W - a +1 ring of evasion {unknown}
 X - the ring "Fetikkes" {Fire rElec rN+ Str+3 Int-3, unknown}
   (You took it off a deep elf elementalist on level 3 of the Elven Halls)

   [ring of fire]

   It enhances your fire magic.
   It affects your strength (+3).
   It affects your intelligence (-3).
   It protects you from fire.
   It makes you vulnerable to cold.
   It insulates you from electricity.
   It protects you from negative energy.
Wands
 d - a wand of iceblast (18)
 g - a wand of digging (2)
 h - a wand of enslavement (36)
 z - a wand of paralysis (7)
 A - a wand of disintegration (12)
 D - a wand of flame (54)
 F - a wand of acid (4)
 U - a wand of polymorph (11)
Scrolls
 m - 9 scrolls of identify
 r - 6 scrolls of magic mapping
 t - 4 scrolls of teleportation
 w - a scroll of fog
 x - 12 scrolls of remove curse
 G - 3 scrolls of torment
 H - 2 scrolls of blinking
 M - a scroll of brand weapon
 O - a scroll of summoning
 Q - 3 scrolls of amnesia
 S - a scroll of fear
Potions
 o - 11 potions of curing
 p - a potion of mutation
 q - 7 potions of brilliance
 u - 7 potions of flight
 v - a potion of cancellation
 B - a potion of agility
 P - a potion of magic
Books
 c - a manual of Short Blades
Miscellaneous
 C - a lamp of fire
 N - a sack of spiders
Comestibles
 n - 3 rations


   Skills:
 + Level 15.7(11.3) Fighting
 + Level 15.0(10.7) Short Blades
 + Level 12.8(8.7) Long Blades
 + Level 13.0(8.9) Axes
 + Level 13.0(8.9) Maces & Flails
 + Level 12.8(8.7) Polearms
 + Level 12.8(8.7) Staves
 + Level 12.8(8.7) Slings
 + Level 12.8(8.7) Bows
 + Level 12.8(8.7) Crossbows
 + Level 12.8(8.7) Throwing
 + Level 13.0(8.9) Armour
 + Level 12.8(8.7) Dodging
 + Level 13.0(8.9) Stealth
 + Level 13.0(8.9) Shields
 + Level 12.8(8.7) Unarmed Combat
 + Level 12.8(8.7) Spellcasting
 + Level 11.0(7.1) Conjurations
 + Level 11.0(7.1) Hexes
 + Level 11.0(7.1) Charms
 + Level 11.0(7.1) Summonings
 + Level 11.0(7.1) Necromancy
 + Level 11.0(7.1) Translocations
 + Level 11.0(7.1) Transmutations
 + Level 11.0(7.1) Fire Magic
 + Level 11.0(7.1) Ice Magic
 + Level 11.0(7.1) Air Magic
 + Level 11.0(7.1) Earth Magic
 + Level 11.0(7.1) Poison Magic
 + Level 13.8(9.6) Invocations
 + Level 12.8(8.7) Evocations


You had 41 spell levels left.
You knew the following spells:

 Your Spells              Type           Power        Failure   Level  Hunger
a - Blink                 Tloc           N/A          16%         2    None


Dungeon Overview and Level Annotations

Branches:
Dungeon (15/15)            Temple (0/1) D:4            Lair (6/6) D:8
  Swamp (1/4) Lair:4        Snake (4/4) Lair:2        Slime (1/5) Lair:5
    Orc (2/2) D:10            Elf (3/3) Orc:2        Vaults (0/5) D:13
 Depths (0/5) D:15

Altars:
Cheibriados
Fedhas
Gozag
Nemelex Xobeh
The Shining One
Jiyva

Shops:
D:8 %   D:13 %   D:15 [   Orc:2 =(*[   Elf:1 [   Snake:1 ==}   Snake:4 *


Innate Abilities, Weirdness & Mutations

Your experience applies equally to all skills.
You have very sharp teeth.
Your uncanny sense of smell can sniff out nearby items.
Your body sometimes deteriorates upon taking damage.
You are resistant to hostile enchantments. (MR+)
You are covered in fur. (AC +1)


Message History

You block the deep elf death mage's attack.
Your shield and chain mail of Xybraohu prevent you from hitting the deep elf high priest.
Your bite misses the deep elf high priest.
You block the deep elf high priest's attack.
You slash the deep elf high priest!
You bite the deep elf high priest, but do no damage.
The deep elf high priest is moderately wounded.
The deep elf death mage hits you with a long sword.
* * * LOW HITPOINT WARNING * * *
The deep elf high priest misses you.
You riposte.
You slash the deep elf high priest!
Lightning courses through the deep elf high priest!
The deep elf high priest is severely wounded.
You closely miss the deep elf high priest.
The deep elf high priest is severely wounded.
The lost soul fades away!
The deep elf death mage points at you and mumbles some strange words.
The bolt of negative energy hits you!
You feel drained.
You die...
Your body crumbles into a pile of gold.

$∆$#.......###......,*,,$,**
#.
∆∆∆*#...............**∆∆$**
## **∆∆*#.............#*∆∆***
## **∆∆#.............#∆∆** #.
*****#.........#***** ##
##...e.).#*
############.########### ###
.)..#........))###.....## #.#
########..####.#@)......##
#.# # #(.(..).ee........###.#
# #
##.###.#.#.)........##.#### #
##.#.##.##............)....[
#
##.###.#.##...).......##.....
# #.##
##..##..#)......######## #
##.###.#.######.....###### #
##.#....# ###.)....).)=# #
##.###.####.#.....####)####


You could see a deep elf death mage and a deep elf high priest.

Vanquished Creatures
  Saint Roka (Orc:2)
  Vashnia (Snake:4)
  Nikola (Elf:1)
  Jorgrun (Elf:3)
  Rupert (Lair:5)
  2 deep elf blademasters (Elf:3)
  Asterion (Elf:2)
  2 acid blobs (Lair:5)
  Frances (Snake:1)
  Roxanne (Snake:4)
  A frost giant (IceCv)
  4 nagarajas (Snake:4)
  5 deep elf sorcerers (Elf:3)
  4 deep elf elementalists (Elf:3)
  An orc warlord (Orc:2)
  A stone giant (Orc:1)
  3 deep elf demonologists (Elf:3)
  A minotaur (Lab)
  Azrael (D:14)
  3 deep elf annihilators (Elf:3)
  2 deep elf death magi (Elf:3)
  An ettin (Orc:2)
  Snorg (Orc:2)
  Fannar (Lair:3)
  6 hydras
  A rakshasa (D:15)
  A catoblepas (D:15)
  A merfolk avatar (Lair:6)
  11 naga warriors
  10 anacondas
  11 two-headed ogres
  4 centaur warriors
  2 death yaks (IceCv)
  An alligator (Lair:4)
  The ghost of Bugaboo the Basher, a journeyman GrFi of Okawaru (Lair:2)
  2 ogre magi
  A tengu warrior (D:15)
  3 orc high priests (Orc:2)
  Sonja (Orc:2)
  10 shock serpents
  13 naga sharpshooters
  13 deep elf knights
  The ghost of exulis the Blocker, a novice DrFi of Sif Muna (D:8)
  4 salamander mystics
  9 sea snakes (Snake:4)
  2 unseen horrors
  A glowing orange brain (D:15)
  7 naga ritualists
  7 deep elf archers
  A necromancer (D:13)
  3 orc knights (Orc:2)
  13 mana vipers
  34 deep elf magi
  5 oklob plants
  5 orc sorcerers (Orc:2)
  3 manticores
  A faun (shapeshifter) (D:15)
  13 salamanders
  18 ugly things
  4 cyclopes
  9 guardian serpents
  Maurice (D:9)
  16 spiny frogs
  26 black mambas
  7 elephants (Lair:6)
  An ice statue (IceCv)
  A gargoyle (D:13)
  9 naga magi
  6 rime drakes
  11 komodo dragons
  7 trolls
  A tengu conjurer (D:15)
  14 polar bears
  3 meliai (D:14)
  A meliai (shapeshifter) (D:15)
  2 wind drakes (Lair:6)
  Grinder (D:6)
  32 blink frogs
  9 slime creatures
  A tyrant leech (Lair:4)
  5 hornets
  9 hippogriffs
  6 dream sheep (Lair:4)
  2 water elementals
  26 yaks
  7 fire elementals
  A shadow (D:14)
  3 air elementals
  2 vampires
  A yak (shapeshifter) (D:15)
  6 wyverns
  2 basilisks
  A basilisk (shapeshifter) (Elf:3)
  4 wraiths
  A hungry ghost (D:12)
  Edmund (D:6)
  11 vampire mosquitoes
  47 nagas
  A swamp worm (Lair:4)
  3 wargs
  A soldier ant (D:14)
  4 hell hounds
  2 porcupines
  17 water moccasins
  30 orc warriors
  13 ice beasts
  3 sky beasts
  3 phantoms
  3 black bears
  4 necrophages (D:8)
  An eye of draining (D:13)
  12 centaurs
  16 ogres
  11 wolves
  13 crocodiles
  A big kobold (D:13)
  Blork the orc (D:5)
  17 bullfrogs
  2 earth elementals (Elf:1)
  2 wyvern skeletons
  7 scorpions
  11 killer bees
  8 wights
  An electric eel (Lair:2)
  10 howler monkeys
  3 bullfrog zombies
  4 crimson imps
  7 centaur zombies
  8 hounds
  4 jellies
  A quasit (D:12)
  7 centaur skeletons
  23 orc priests
  2 iguanas
  32 orc wizards
  14 worker ants
  2 hound zombies
  A hound skeleton (D:5)
  12 mummies (Ossuary)
  14 adders
  6 shadow imps
  An ooze (D:3)
  An adder zombie (D:8)
  2 worms (D:2)
  2 dart slugs
  8 leopard geckos
  85 orcs
  A ball python (Snake:4)
  5 giant cockroaches
  2 goblins
  7 hobgoblins
  10 jackals
  9 kobolds
  6 quokkas
  4 bats
  A frilled lizard (D:3)
  2 gnoll skeletons (Ossuary)
  3 goblin skeletons (Ossuary)
  3 kobold skeletons (Ossuary)
  2 rats (D:3)
  11 rat skeletons (Ossuary)
  A plant (Lair:6)
1060 creatures vanquished.

Vanquished Creatures (collateral kills)
  A sea snake (Snake:4)
  A guardian serpent (Snake:4)
  A polar bear (IceCv)
  2 yaks (IceCv)
  3 wolves (IceCv)
8 creatures vanquished.

Vanquished Creatures (others)
  A deep elf master archer (Elf:3)
  24 dancing weapons
  A naga sharpshooter (Snake:2)
  3 deep elf archers
  A deep elf mage (Elf:1)
  A manticore (D:14)
  5 polar bears (IceCv)
  2 water elementals (Elf:3)
  An air elemental (Elf:3)
  3 yaks (IceCv)
  A hell hound (D:14)
  10 wolves (IceCv)
  An orc wizard (D:10)
  A shadow imp (D:15)
  3 bushes
  18 fungi
  35 plants
111 creatures vanquished.

Grand Total: 1179 creatures vanquished

Notes
Turn   | Place    | Note
-------+----------+-------------------------------------------
     0 | D:1      | Reached skill level 10 in Fighting
     0 | D:1      | wolfsongas the Gnoll Wanderer began the quest for the Orb.
     0 | D:1      | wolfsongas set off with: a +2 mace, a +0 hand crossbow, 27 bolts, a scroll of teleportation, a +0 robe, a ration
     0 | D:1      | Reached XP level 1. HP: 28/28 MP: 1/1
   195 | D:1      | Reached XP level 2. HP: 36/36 MP: 2/2
   663 | D:2      | Found an opulent altar of Gozag.
   663 | D:2      | Found a blossoming altar of Fedhas.
   678 | D:2      | Became a worshipper of Gozag Ym Sagoz the Greedy
   719 | D:2      | Reached XP level 3. HP: 42/42 MP: 3/3
   906 | D:2      | Reached skill level 1 in Invocations
   924 | D:2      | Reached skill level 1 in Short Blades
   924 | D:2      | Reached skill level 1 in Long Blades
   924 | D:2      | Reached skill level 1 in Polearms
   924 | D:2      | Reached skill level 1 in Staves
   924 | D:2      | Reached skill level 1 in Slings
   924 | D:2      | Reached skill level 1 in Bows
   924 | D:2      | Reached skill level 1 in Crossbows
   924 | D:2      | Reached skill level 1 in Throwing
   924 | D:2      | Reached skill level 1 in Dodging
   924 | D:2      | Reached skill level 1 in Unarmed Combat
   924 | D:2      | Reached skill level 1 in Spellcasting
   924 | D:2      | Reached skill level 1 in Evocations
   924 | D:2      | Reached XP level 4. HP: 46/48 MP: 5/5
  1306 | D:3      | Reached skill level 1 in Conjurations
  1306 | D:3      | Reached skill level 1 in Hexes
  1306 | D:3      | Reached skill level 1 in Charms
  1306 | D:3      | Reached skill level 1 in Summonings
  1306 | D:3      | Reached skill level 1 in Necromancy
  1306 | D:3      | Reached skill level 1 in Translocations
  1306 | D:3      | Reached skill level 1 in Transmutations
  1306 | D:3      | Reached skill level 1 in Fire Magic
  1306 | D:3      | Reached skill level 1 in Ice Magic
  1306 | D:3      | Reached skill level 1 in Air Magic
  1306 | D:3      | Reached skill level 1 in Earth Magic
  1306 | D:3      | Reached skill level 1 in Poison Magic
  1317 | D:3      | Reached XP level 5. HP: 23/54 MP: 6/6
  2456 | D:4      | Noticed a phantom
  2641 | D:4      | Found a staircase to the Ecumenical Temple.
  2722 | D:4      | Killed a phantom
  2722 | D:4      | Reached XP level 6. HP: 33/61 MP: 8/8
  3339 | D:5      | Entered Level 5 of the Dungeon
  3894 | D:5      | Reached XP level 7. HP: 67/67 MP: 10/10
  4050 | D:5      | Noticed Blork the orc
  4066 | D:5      | Killed Blork the orc
  4549 | D:5      | Reached XP level 8. HP: 74/74 MP: 12/12
  5723 | D:6      | Noticed Grinder
  5740 | D:6      | Paralysed by Grinder for 2 turns
  5748 | D:6      | Killed Grinder
  5857 | D:6      | Noticed Edmund
  5869 | D:6      | Killed Edmund
  5869 | D:6      | Reached XP level 9. HP: 81/81 MP: 14/14
  6289 | D:7      | Identified the Incunabulum of Lightness and Shape Shifting
  6471 | D:7      | Found a snail-covered altar of Cheibriados.
  6620 | D:7      | Reached skill level 5 in Axes
  6620 | D:7      | Reached skill level 5 in Maces & Flails
  6620 | D:7      | Reached skill level 5 in Armour
  6620 | D:7      | Reached skill level 5 in Shields
  6849 | D:7      | Reached skill level 5 in Stealth
  7241 | D:8      | Noticed exulis's ghost (novice DrFi)
  7457 | D:8      | Found a staircase to the Lair.
  7461 | D:8      | Found a sparkling altar of Nemelex Xobeh.
  7563 | D:8      | Found a sand-covered staircase.
  7572 | Ossuary  | Entered an ossuary
  8123 | Ossuary  | Reached skill level 5 in Invocations
  8314 | D:8      | Found a blossoming altar of Fedhas.
  8358 | D:8      | Killed exulis's ghost
  8358 | D:8      | Reached XP level 10. HP: 78/88 MP: 15/17
  8481 | D:8      | Found Xeacriuc's Food Shop.
  8491 | D:8      | Bought a ration for 60 gold pieces
  8491 | D:8      | Bought a ration for 60 gold pieces
  8491 | D:8      | Bought a ration for 60 gold pieces
  8516 | D:8      | Reached skill level 5 in Short Blades
  8516 | D:8      | Reached skill level 5 in Long Blades
  8516 | D:8      | Reached skill level 5 in Polearms
  8516 | D:8      | Reached skill level 5 in Staves
  8516 | D:8      | Reached skill level 5 in Slings
  8516 | D:8      | Reached skill level 5 in Bows
  8516 | D:8      | Reached skill level 5 in Crossbows
  8516 | D:8      | Reached skill level 5 in Throwing
  8516 | D:8      | Reached skill level 5 in Dodging
  8516 | D:8      | Reached skill level 5 in Unarmed Combat
  8516 | D:8      | Reached skill level 5 in Spellcasting
  8516 | D:8      | Reached skill level 5 in Evocations
  8719 | D:8      | Got an encrusted chain mail
  8720 | D:8      | Identified the +11 chain mail of Xybraohu {rC++ Int+3 Slay-3} (You took it off a wight on level 8 of the Dungeon)
  9691 | D:9      | Noticed Maurice
  9900 | D:9      | Killed Maurice
 10092 | D:9      | Found a glowing golden altar of the Shining One.
 10147 | D:10     | Entered Level 10 of the Dungeon
 10190 | D:10     | Identified the Collected Works on the Oath
 10573 | D:10     | Found a runed door.
 10575 | D:10     | Found a runed door.
 10782 | D:10     | Found a staircase to the Orcish Mines.
 11160 | D:10     | Reached XP level 11. HP: 87/95 MP: 19/19
 11195 | D:10     | Noticed a skeletal warrior
 11196 | D:10     | Noticed a skeletal warrior
 11196 | D:10     | Noticed a skeletal warrior
 11523 | D:11     | Noticed a cyan ugly thing
 11822 | Lair:1   | Entered Level 1 of the Lair of Beasts
 12755 | Lair:1   | Noticed a five-headed hydra
 12773 | Lair:1   | Killed a five-headed hydra
 12773 | Lair:1   | Reached skill level 5 in Conjurations
 12773 | Lair:1   | Reached skill level 5 in Hexes
 12773 | Lair:1   | Reached skill level 5 in Charms
 12773 | Lair:1   | Reached skill level 5 in Summonings
 12773 | Lair:1   | Reached skill level 5 in Necromancy
 12773 | Lair:1   | Reached skill level 5 in Translocations
 12773 | Lair:1   | Reached skill level 5 in Transmutations
 12773 | Lair:1   | Reached skill level 5 in Fire Magic
 12773 | Lair:1   | Reached skill level 5 in Ice Magic
 12773 | Lair:1   | Reached skill level 5 in Air Magic
 12773 | Lair:1   | Reached skill level 5 in Earth Magic
 12773 | Lair:1   | Reached skill level 5 in Poison Magic
 13952 | Lair:1   | Noticed an eight-headed hydra
 13957 | Lair:1   | Killed an eight-headed hydra
 14294 | Lair:2   | Noticed an oklob plant
 14294 | Lair:2   | Noticed an oklob plant
 14295 | Lair:2   | Noticed Bugaboo's ghost (journeyman GrFi)
 14655 | Lair:2   | Found a labyrinth entrance.
 14711 | Lab      | Entered a labyrinth
 14889 | Lab      | Noticed a minotaur
 14922 | Lab      | Killed a minotaur
 15264 | Lab      | Got a crystal war axe {vamp}
 15277 | Lab      | Identified the Collected Works on the Blaze and Displacement
 15279 | Lab      | Got a fine broad axe
 15282 | Lab      | Identified the +2 broad axe of Foul Odors {chop, rElec rF++ Str+4} (You found it in a labyrinth)
 15528 | Lair:2   | Noticed a six-headed hydra
 15537 | Lair:2   | Killed a six-headed hydra
 15589 | Lair:2   | Reached XP level 12. HP: 64/102 MP: 22/22
 16518 | Lair:2   | Found a staircase to the Snake Pit.
 16759 | Lair:2   | Killed Bugaboo's ghost
 18274 | Lair:3   | Noticed Fannar
 18286 | Lair:3   | Killed Fannar
 18932 | Lair:4   | Noticed an eight-headed hydra
 19071 | Lair:4   | Found a staircase to the Swamp.
 19144 | Lair:4   | Killed an eight-headed hydra
 19608 | Lair:4   | You fall through a shaft for 2 floors!
 19608 | Lair:6   | Entered Level 6 of the Lair of Beasts
 19769 | Lair:6   | Gained mutation: You are resistant to hostile enchantments. (MR+) [potion of mutation]
 19769 | Lair:6   | Gained mutation: You are covered in fur. (AC +1) [potion of mutation]
 19779 | Lair:5   | Reached XP level 13. HP: 66/109 MP: 24/24
 20061 | Lair:5   | Identified a scroll of acquirement
 20062 | Lair:5   | Got a pair of bloodstained gloves
 20085 | Lair:5   | Identified the +0 pair of gloves of Ylan {rC+ Int+6} (You acquired it on level 5 of the Lair of Beasts)
 20102 | Lair:5   | Found a runed door.
 20103 | Lair:5   | Found a viscous altar of Jiyva.
 20105 | Lair:5   | Found a staircase to the Slime Pits.
 20106 | Lair:5   | Noticed an acid blob
 20107 | Lair:5   | Noticed an acid blob
 20347 | Lair:5   | Noticed Rupert
 20489 | Lair:5   | HP: 5/109 [Rupert/battleaxe of freezing (13)]
 20491 | Lair:5   | Killed Rupert
 20880 | Lair:5   | Learned a level 2 spell: Blink
 22357 | Lair:6   | Reached XP level 14. HP: 90/118 MP: 26/26
 25187 | D:11     | Got a pair of crude gloves
 25198 | D:11     | Identified the +0 pair of gloves of Resonance {-Cast rPois MR++ rCorr} (You acquired it on level 11 of the Dungeon)
 26292 | D:12     | Reached skill level 10 in Invocations
 27414 | D:13     | Found Wajoloiw's Food Emporium.
 27982 | D:13     | Found a gate to the Vaults.
 28203 | D:13     | Got a brightly glowing pewter ring
 28461 | D:14     | Reached XP level 15. HP: 97/124 MP: 28/28
 28522 | D:14     | Noticed Azrael
 28555 | D:14     | HP: 4/124 [Azrael/fireball (8)]
 28583 | D:14     | Found a frozen archway.
 28588 | D:14     | Reached skill level 10 in Axes
 28588 | D:14     | Reached skill level 10 in Maces & Flails
 28588 | D:14     | Reached skill level 10 in Armour
 28588 | D:14     | Reached skill level 10 in Shields
 28596 | IceCv    | Entered an ice cave
 28972 | IceCv    | Identified the ring of Wameu {Wiz rC++ MR+ Dex-3} (You took it off a vampire on level 13 of the Dungeon)
 29060 | IceCv    | Reached skill level 10 in Stealth
 29406 | IceCv    | Noticed a frost giant
 29437 | IceCv    | Killed a frost giant
 29923 | D:14     | Reached skill level 10 in Short Blades
 30109 | D:14     | Reached skill level 10 in Long Blades
 30109 | D:14     | Reached skill level 10 in Polearms
 30109 | D:14     | Reached skill level 10 in Staves
 30109 | D:14     | Reached skill level 10 in Slings
 30109 | D:14     | Reached skill level 10 in Bows
 30109 | D:14     | Reached skill level 10 in Crossbows
 30109 | D:14     | Reached skill level 10 in Throwing
 30109 | D:14     | Reached skill level 10 in Dodging
 30109 | D:14     | Reached skill level 10 in Unarmed Combat
 30109 | D:14     | Reached skill level 10 in Spellcasting
 30109 | D:14     | Reached skill level 10 in Evocations
 30131 | D:14     | Killed Azrael
 30926 | D:15     | Entered Level 15 of the Dungeon
 31622 | D:15     | Found Zef Xitihiq's Antique Armour Shop.
 32685 | D:15     | Found a staircase to the Depths.
 32928 | D:15     | Reached XP level 16. HP: 105/133 MP: 30/30
 33507 | Orc:1    | Entered Level 1 of the Orcish Mines
 33884 | Orc:2    | Entered Level 2 of the Orcish Mines
 33884 | Orc:2    | Found a staircase to the Elven Halls.
 34213 | Orc:2    | Noticed Saint Roka
 34263 | Orc:2    | Killed Saint Roka
 34949 | Orc:2    | Noticed Snorg
 34980 | Orc:2    | Killed Snorg
 35211 | Orc:2    | Found Hicu's General Store.
 35212 | Orc:2    | Found Getuh's Jewellery Boutique.
 35213 | Orc:2    | Found Atoetao's Antique Armour Shop.
 35213 | Orc:2    | Found Nugy's Antique Weapon Shop.
 35235 | Orc:2    | Bought a scroll of identify for 22 gold pieces
 35235 | Orc:2    | Bought a potion of mutation for 88 gold pieces
 35999 | Orc:2    | Noticed Sonja
 36006 | Orc:2    | Killed Sonja
 36760 | D:15     | Bought an encrusted plate armour for 924 gold pieces
 36760 | D:15     | Identified the +8 plate armour "Vaeb" {*Drain Str+2 Dex+4} (You bought it in a shop on level 15 of the Dungeon)
 37116 | Snake:1  | Entered Level 1 of the Snake Pit
 37237 | Snake:1  | Identified a +2 pair of boots of running (You found it on level 1 of the Snake Pit)
 37255 | Snake:1  | Noticed Frances
 38565 | Snake:1  | Found Geubomour's Jewellery Emporium.
 38566 | Snake:1  | Found Jyidda's Gadget Boutique.
 38567 | Snake:1  | Found Maxkus's Jewellery Emporium.
 38626 | Snake:1  | Bought the brooch of Shielding {Reflect SH+8} for 1807 gold pieces
 38626 | Snake:1  | Found the brooch of Shielding {Reflect SH+8}
 38629 | Snake:1  | Bought an uncursed ring of protection from fire for 425 gold pieces
 38647 | Snake:1  | Killed Frances
 39046 | Snake:1  | Got a heavily jewelled robe
 39829 | Snake:2  | Reached XP level 17. HP: 140/140 MP: 32/32
 40844 | Snake:2  | Identified the cursed +1 robe of Taeppik {Int+2} (You found it on level 1 of the Snake Pit)
 42800 | D:13     | Bought a ration for 70 gold pieces
 42800 | D:13     | Bought a ration for 70 gold pieces
 42800 | D:13     | Bought a ration for 70 gold pieces
 42800 | D:13     | Bought a ration for 70 gold pieces
 42800 | D:13     | Bought a ration for 70 gold pieces
 43057 | Lair:5   | Killed an acid blob
 43063 | Lair:5   | Killed an acid blob
 43256 | Slime:1  | Entered Level 1 of the Pits of Slime
 43398 | Snake:4  | Entered Level 4 of the Snake Pit
 46116 | Snake:4  | Reached skill level 10 in Conjurations
 46116 | Snake:4  | Reached skill level 10 in Hexes
 46116 | Snake:4  | Reached skill level 10 in Charms
 46116 | Snake:4  | Reached skill level 10 in Summonings
 46116 | Snake:4  | Reached skill level 10 in Necromancy
 46116 | Snake:4  | Reached skill level 10 in Translocations
 46116 | Snake:4  | Reached skill level 10 in Transmutations
 46116 | Snake:4  | Reached skill level 10 in Fire Magic
 46116 | Snake:4  | Reached skill level 10 in Ice Magic
 46116 | Snake:4  | Reached skill level 10 in Air Magic
 46116 | Snake:4  | Reached skill level 10 in Earth Magic
 46116 | Snake:4  | Reached skill level 10 in Poison Magic
 46729 | Snake:4  | Reached XP level 18. HP: 94/148 MP: 33/33
 47466 | Snake:4  | Reached skill level 15 in Fighting
 47849 | Snake:4  | Got a serpentine rune of Zot
 47893 | Snake:4  | Noticed Vashnia
 47922 | Snake:4  | Killed Vashnia
 48317 | Snake:4  | Noticed Roxanne
 48340 | Snake:4  | Killed Roxanne
 48741 | Snake:4  | Found Ovaucis's General Store.
 48749 | Snake:4  | Bought a scroll of brand weapon for 360 gold pieces
 49898 | Swamp:1  | Entered Level 1 of the Swamp
 50498 | Elf:1    | Entered Level 1 of the Elven Halls
 50971 | Elf:1    | Noticed Nikola
 51001 | Elf:1    | Killed Nikola
 51038 | Elf:1    | Found Kooblec's Antique Armour Boutique.
 51920 | Elf:2    | Found a runed gate.
 51920 | Elf:2    | Found a runed gate.
 52223 | Elf:2    | Found a runed gate.
 52265 | Elf:2    | Noticed Asterion
 52289 | Elf:2    | Killed Asterion
 52838 | Elf:2    | Gained mutation: Your body sometimes deteriorates upon taking damage. [a neqoxec]
 53085 | Elf:2    | Reached XP level 19. HP: 75/155 MP: 35/35
 53873 | Elf:3    | Entered Level 3 of the Elven Halls
 54160 | Elf:3    | Noticed Jorgrun
 54182 | Elf:3    | Killed Jorgrun
 56215 | Elf:3    | Reached skill level 15 in Short Blades
 56217 | Elf:3    | Got a brightly glowing bronze ring
 56218 | Elf:3    | Got a sheer robe
 56313 | Elf:3    | Killed from afar by a deep elf death mage

Vault maps used:
D:1:      lemuel_arrival_lava_pool
D:2:      chequers_temple_overflow_statue_of_worship
D:4:      temple_hall, first_ration
D:5:      uniq_blork_the_orc
D:6:      uniq_edmund, uniq_grinder
D:7:      basic_altar
D:8:      kennysheep_little_box, minmay_lair_entry_lava,
          lightli_ossuary_entry_decrepit_ruins, serial_shops,
          nicolae_shop_behind_doors, fedhas_altar_decomposition
D:9:      tso_altar, uniq_maurice
D:10:     lemuel_insect_pit, david_orc_2
D:13:     david_vaults_1, serial_shops, shop, grunt_pizzeria, evilmike_minifort
D:14:     nrook_guardian_serpent_snake_passage,
          portal_ice_cave_entry_ice_beasts, uniq_azrael
D:15:     gammafunk_enter_depths_forms, serial_shops, shop,
          small_chamber_with_monster
Lair:1:   grunt_megastairs_4
Lair:2:   guppyfry_snake_entry_island, lab_entry_generic,
          infiniplex_staircase_pool, minmay_lair_oklob_chamber
Lair:3:   grunt_forest_stairs_basic, minmay_holes, grunt_megastairs_2,
          serial_bayou_shore_b, uniq_rupert, uniq_fannar
Lair:4:   swamp_mist_pool, lemuel_fruit_tree
Lair:5:   slime_altar_2, st_stairs_6, grunt_megastairs_5
Lair:6:   gammafunk_lair_ancient_temple, small_statue_intersection,
          nicolae_lair_grove_arrangements
Swamp:1:  cheibrodos_swamp_monstrosity, evilmike_swamp_ruin_rubble_1,
          swamp_pool1
Snake:1:  st_stairs_14, grunt_ministairs_2, basic_loot_grate_trap,
          minmay_shop_grove, uniq_frances
Snake:4:  grunt_snake_rune_pools, serial_shops, nicolae_shop_waterfront,
          minmay_snake_pond, uniq_roxanne, uniq_vashnia
Orc:2:    st_orc_congregation, uniq_sonja, uniq_saint_roka, uniq_snorg
Elf:1:    minmay_elf_arrival_circle, serial_shops, shop,
          hangedman_corner_corridor, nicolae_elf_v_pinch, st_stairs_7,
          uniq_nikola
Elf:2:    serial_sigils_hangedman_gut, lemuel_elevator, uniq_asterion
Elf:3:    nooodl_elf_gasket, uniq_jorgrun
Lab:      labyrinth_watery, labyrinth_skeletal_remains, nicolae_lab_do_over,
          nicolae_lab_flowing_pool
Ossuary:  ossuary_due_small_catacomb
IceCv:    ice_cave_caverns_02

Skill      XL: |  1  2  3  4  5  6  7  8  9 10 11 12 13 14 15 16 17 18 19 |
---------------+----------------------------------------------------------+-----
Fighting       | 11 12 13 14 15 | 15.7
Invocations    | 1 2 3 4 5 6 7 8 9 10 11 12 13 | 13.8
Short Blades   | 1 2 3 4 5 6 7 8 9 10 12 13 14 15 | 15.0
Long Blades    | 1 2 3 4 5 6 7 8 9 10 11 12 | 12.8
Polearms       | 1 2 3 4 5 6 7 8 9 10 11 12 | 12.8
Staves         | 1 2 3 4 5 6 7 8 9 10 11 12 | 12.8
Slings         | 1 2 3 4 5 6 7 8 9 10 11 12 | 12.8
Bows           | 1 2 3 4 5 6 7 8 9 10 11 12 | 12.8
Crossbows      | 1 2 3 4 5 6 7 8 9 10 11 12 | 12.8
Throwing       | 1 2 3 4 5 6 7 8 9 10 11 12 | 12.8
Dodging        | 1 2 3 4 5 6 7 8 9 10 11 12 | 12.8
Unarmed Combat | 1 2 3 4 5 6 7 8 9 10 11 12 | 12.8
Spellcasting   | 1 2 3 4 5 6 7 8 9 10 11 12 | 12.8
Evocations     | 1 2 3 4 5 6 7 8 9 10 11 12 | 12.8
Conjurations   | 1 2 3 4 5 6 7 8 9 10 11 | 11.0
Hexes          | 1 2 3 4 5 6 7 8 9 10 11 | 11.0
Charms         | 1 2 3 4 5 6 7 8 9 10 11 | 11.0
Summonings     | 1 2 3 4 5 6 7 8 9 10 11 | 11.0
Necromancy     | 1 2 3 4 5 6 7 8 9 10 11 | 11.0
Translocations | 1 2 3 4 5 6 7 8 9 10 11 | 11.0
Transmutations | 1 2 3 4 5 6 7 8 9 10 11 | 11.0
Fire Magic     | 1 2 3 4 5 6 7 8 9 10 11 | 11.0
Ice Magic      | 1 2 3 4 5 6 7 8 9 10 11 | 11.0
Air Magic      | 1 2 3 4 5 6 7 8 9 10 11 | 11.0
Earth Magic    | 1 2 3 4 5 6 7 8 9 10 11 | 11.0
Poison Magic   | 1 2 3 4 5 6 7 8 9 10 11 | 11.0
Axes           | 3 4 5 6 7 8 9 10 11 12 13 | 13.0
Maces & Flails | 3 4 5 6 7 8 9 10 11 12 13 | 13.0
Armour         | 3 4 5 6 7 8 9 10 11 12 13 | 13.0
Shields        | 3 4 5 6 7 8 9 10 11 12 13 | 13.0
Stealth        | 3 4 5 6 7 8 9 10 11 12 13 | 13.0

Action                   |  1- 3 |  4- 6 |  7- 9 | 10-12 | 13-15 | 16-18 | 19-21 || total
-------------------------+-------+-------+-------+-------+-------+-------+-------++-------
Melee: Mace              |       |    27 |       |       |       |       |       ||    27
       Bite              |       |    12 |    43 |   113 |   193 |   174 |    36 ||   571
       Quarterstaff      |       |    89 |   309 |   179 |       |       |       ||   577
       War axe           |       |       |    19 |       |       |       |       ||    19
       Punch             |       |       |     1 |     9 |    58 |    16 |       ||    84
       Dire flail        |       |       |       |   359 |       |       |       ||   359
       Broad axe         |       |       |       |    92 |       |       |       ||    92
       Double sword      |       |       |       |   174 |  1036 |  1471 |   331 ||  3012
       Rapier            |       |       |       |       |       |       |   118 ||   118
 Fire: Hand crossbow     |    52 |    38 |       |       |       |       |       ||    90
       Shortbow          |       |       |    17 |       |       |       |       ||    17
       Longbow           |       |       |       |       |    61 |   303 |       ||   364
Throw: Javelin           |       |       |       |     9 |       |       |       ||     9
Invok: Potion Petition   |       |       |     1 |     3 |     4 |     6 |     1 ||    15
Evoke: Wand              |       |       |       |    31 |    31 |    33 |       ||    95
       Lamp of fire      |       |       |       |       |       |     2 |       ||     2
       Sack of spiders   |       |       |       |       |       |     2 |       ||     2
  Use: Scroll            |     3 |    16 |     7 |    16 |    19 |    15 |     4 ||    80
       Potion            |       |     4 |     3 |     3 |     5 |     6 |       ||    21
 Stab: Invisible         |       |     1 |       |     2 |     9 |     7 |       ||    19
       Distracted        |       |       |       |     3 |     6 |     6 |     1 ||    16
       Sleeping          |       |       |       |       |       |     1 |     1 ||     2
  Eat: Ration            |       |     3 |     5 |    12 |    13 |    18 |     3 ||    54
Armor: Ring mail         |     5 |    38 |       |       |       |       |       ||    43
       Plate armour      |       |    66 |   227 |    37 |       |       |       ||   330
       Chain mail        |       |       |       |   482 |   680 |   523 |   101 ||  1786
Dodge: Dodged            |     7 |    78 |   108 |   492 |   753 |   547 |    65 ||  2050
Block: Other             |       |       |       |    40 |   114 |    97 |       ||   251
       Reflection        |       |       |       |     1 |     1 |    84 |    38 ||   124
       Buckler           |       |       |       |       |       |   344 |       ||   344
       Shield            |       |       |       |       |       |   560 |   141 ||   701
       Large shield      |       |       |       |       |       |       |   211 ||   211
       Rpst.: Double sword |       |       |       |    34 |   227 |   139 |    19 ||   419

Table legend:
 A = Spawn XP
 B = Non-spawn XP
 C = Spawn XP percentage of total XP
 D = Spawn monster count
 E = Non-spawn monster count
 F = Spawn count percentage of total count
 G = Total turns spent on level
                    A         B        C        D         E        F      G
               +---------+---------+-------+---------+---------+-------+---------
         Total |       0 |  376586 |   0.0 |       0 |    1101 |   0.0 | 56313
               +---------+---------+-------+---------+---------+-------+---------
           D:1 |       0 |      12 |   0.0 |       0 |       6 |   0.0 |   635
           D:2 |       0 |      93 |   0.0 |       0 |      21 |   0.0 |   468
           D:3 |       0 |     140 |   0.0 |       0 |      32 |   0.0 |  1306
           D:4 |       0 |     131 |   0.0 |       0 |       1 |   0.0 |   930
           D:5 |       0 |     922 |   0.0 |       0 |      19 |   0.0 |  1656
           D:6 |       0 |    1107 |   0.0 |       0 |      18 |   0.0 |  1033
           D:7 |       0 |    1365 |   0.0 |       0 |      23 |   0.0 |  1378
           D:8 |       0 |    2510 |   0.0 |       0 |      31 |   0.0 |  1481
           D:9 |       0 |    1452 |   0.0 |       0 |      13 |   0.0 |  1180
          D:10 |       0 |    2824 |   0.0 |       0 |      47 |   0.0 |  1996
          D:11 |       0 |    4136 |   0.0 |       0 |      23 |   0.0 |  1898
          D:12 |       0 |    5398 |   0.0 |       0 |      39 |   0.0 |  1034
          D:13 |       0 |   12034 |   0.0 |       0 |      44 |   0.0 |  1424
          D:14 |       0 |   17285 |   0.0 |       0 |      58 |   0.0 |  1325
          D:15 |       0 |   20264 |   0.0 |       0 |      40 |   0.0 |  2674
        Lair:1 |       0 |    4759 |   0.0 |       0 |      12 |   0.0 |  3108
        Lair:2 |       0 |    7900 |   0.0 |       0 |      26 |   0.0 |  3133
        Lair:3 |       0 |    3893 |   0.0 |       0 |      13 |   0.0 |   994
        Lair:4 |       0 |    8329 |   0.0 |       0 |      26 |   0.0 |  1480
        Lair:5 |       0 |   15167 |   0.0 |       0 |      36 |   0.0 |  2180
        Lair:6 |       0 |   20775 |   0.0 |       0 |      68 |   0.0 |  2247
       Snake:1 |       0 |   17927 |   0.0 |       0 |      28 |   0.0 |  2516
       Snake:2 |       0 |   18913 |   0.0 |       0 |      40 |   0.0 |  1922
       Snake:3 |       0 |   11534 |   0.0 |       0 |      21 |   0.0 |  1934
       Snake:4 |       0 |   62529 |   0.0 |       0 |     103 |   0.0 |  4909
         Orc:1 |       0 |    2739 |   0.0 |       0 |      24 |   0.0 |   884
         Orc:2 |       0 |   22867 |   0.0 |       0 |     104 |   0.0 |  2317
         Elf:1 |       0 |   14846 |   0.0 |       0 |      21 |   0.0 |  1099
         Elf:2 |       0 |   35905 |   0.0 |       0 |      50 |   0.0 |  2643
         Elf:3 |       0 |   48124 |   0.0 |       0 |      45 |   0.0 |  1985
           Lab |       0 |    1261 |   0.0 |       0 |       1 |   0.0 |   593
       Ossuary |       0 |     228 |   0.0 |       0 |      31 |   0.0 |   642
         IceCv |       0 |    9217 |   0.0 |       0 |      37 |   0.0 |  1274
               +---------+---------+-------+---------+---------+-------+---------
